 Dungeon Crawl Stone Soup version 0.26.1-11-gd32895ea62 (webtiles) character file.

Game seed: 9095372745853805647

28 Gypsy the Digger (level 3, 0/26 HPs)
             Began as a Ghoul Earth Elementalist on Apr 27, 2021.
             Slain by Terence
             ... wielding a +0 flail
              (8 damage)
             ... on level 2 of the Dungeon on Apr 28, 2021.
             The game lasted 00:13:35 (1560 turns).

Gypsy the Digger (Ghoul Earth Elementalist)         Turns: 1560, Time: 00:13:35

Health: 0/26       AC:  2    Str: 11    XL:     3   Next: 14%
Magic:  0/4        EV: 12    Int: 11    God:
Gold:   92         SH:  0    Dex:  9    Spells: 2/5 levels left

rFire    . . .     SeeInvis +   (no weapon)
rCold    + . .     Faith    .   (no shield)
rNeg     + + +     Spirit   .   c - +0 robe
rPois    ∞         Reflect  .   (no helmet)
rElec    .         Harm     .   (no cloak)
rCorr    .         Rampage  .   (no gloves)
Will     .....                  (no boots)
Stlth    ++........             (no amulet)
HPRegen  0.00/turn              e - ring of see invisible
MPRegen  0.09/turn              (no ring)

@: no status effects
A: claws 1, cold resistance 1, negative energy resistance 3, inhibited
regeneration, torment resistance, unbreathing
a: no special abilities


You were on level 2 of the Dungeon.
You visited 1 branch of the dungeon, and saw 2 of its levels.

You collected 92 gold pieces.

Inventory:

Missiles
 b - 77 stones
Armour
 c - a +0 robe (worn)
 g - a +0 leather armour
Jewellery
 e - a ring of see invisible (left claw)
Scrolls
 a - a scroll of blinking {unknown}
 f - 4 scrolls of identify {unknown}
 i - a scroll of noise {unknown}
 j - a scroll of remove curse {unknown}
Potions
 h - a potion of degeneration {unknown}


   Skills:
 - Level 1.7 Dodging
 - Level 2.1 Stealth
 - Level 1.7 Spellcasting
 - Level 0.8 Transmutations
 + Level 4.6 Earth Magic


You had 2 spell levels left.
You knew the following spells:

 Your Spells              Type           Power        Failure   Level
a - Sandblast             Erth           22%          4%          1
b - Passwall              Tmut/Erth      5%           14%         2

Your spell library contained the following spells:

 Spells                   Type           Power        Failure   Level
 Stone Arrow              Conj/Erth      12%          34%         3
 Petrify                  Tmut/Erth      7%           67%         4
 Lee's Rapid Deconstruct  Erth           5%           77%         5


Dungeon Overview and Level Annotations

Branches:
Dungeon (2/15)

Altars:

Annotations:
D:2 Terence


Innate Abilities, Weirdness & Mutations

You thrive by killing the living.
You are immune to poison.
You have sharp fingernails.
Your flesh is cold resistant. (rC+)
You are immune to negative energy. (rN+++)
You do not regenerate when monsters are visible.
You are immune to unholy pain and torment.
You can survive without breathing.


Message History

Terence is lightly wounded.
Terence hits you with a +0 flail.
You are too injured to fight recklessly!
It was a potion of lignification.
You feel woody for a moment. Terence hits you with a +0 flail.
You barely miss Terence.
Terence is lightly wounded.
Terence closely misses you.
You closely miss Terence.
Terence is lightly wounded.
Terence closely misses you.
You barely miss Terence.
Terence is lightly wounded.
Terence closely misses you.
You scratch Terence but do no damage.
Terence is lightly wounded.
You barely miss Terence.
Terence is lightly wounded.
Terence hits you with a +0 flail!
You die...

#......+................ .
#.....##..........##.... ..
#.....#.........>.##....
...##...##.#.#.########....
........'..#.#.##........##
...#)...####.#.##........##
#......####'#...........##
#.#...........#.........##
# #...)..@@.............##
###....................#
................###....#
.......#....#....# #....#
.......##..###....########
......####.# #.......##...
...... ..# #.......#....
..# ....#...÷...#.... .
#.#.###...#....


You could see Terence.

Vanquished Creatures
  A worm (D:2)
  A giant cockroach (D:1)
  3 goblins
  5 hobgoblins
  5 kobolds
  A quokka (D:2)
  4 bats (D:1)
  2 frilled lizards
  A rat (D:1)
23 creatures vanquished.

Notes
Turn   | Place    | Note
-------+----------+-------------------------------------------
     0 | D:1      | Gypsy the Ghoul Earth Elementalist began the quest for the
                  | Orb.
     0 | D:1      | Reached XP level 1. HP: 14/14 MP: 2/2
   379 | D:1      | Reached XP level 2. HP: 20/20 MP: 1/3
   428 | D:1      | Reached skill level 4 in Earth Magic
  1215 | D:2      | Reached XP level 3. HP: 26/26 MP: 1/4
  1430 | D:2      | Learned a level 2 spell: Passwall
  1523 | D:2      | Noticed Terence
  1560 | D:2      | Slain by Terence

Illustrated notes

Levels and vault maps discovered:
D:1:      dpeg_arrival_tiny_d, layout_loops_ring
D:2:      layout_basic, lemuel_blue_sif_altar, uniq_terence

Skill      XL: |  1  2 |
---------------+-------+-----
Earth Magic    | 4 |  4.6
Dodging        | |  1.7
Stealth        | |  2.1
Spellcasting   | |  1.7
Transmutations | |  0.8

Action                   || total
-------------------------++-------
Melee: Unarmed           ||    39
 Cast: Sandblast         ||    31
  Use: Potion            ||     1
Armor: Robe              ||    12
Dodge: Dodged            ||    40
